 Dungeon Crawl Stone Soup version 0.27-a0-789-g6bb3289e1e (webtiles) character file.

Game seed: 12378953213387070773

9076 Lanoc the Fighter (level 11, -3/93 HPs)
             Began as a Deep Dwarf Fighter on Mar 26, 2021.
             Was a Believer of Fedhas.
             Slain by a minotaur
             ... wielding the +8 great mace "Naigeann" {flame, *Drain Str+4 Dex+5}
              (49 damage)
             ... in a Gauntlet.
             The game lasted 00:21:45 (6921 turns).

Lanoc the Fighter (Deep Dwarf Fighter)              Turns: 6921, Time: 00:21:45

Health: -3/93      AC:  9    Str: 25      XL:     11   Next: 18%
Magic:  3/3        EV: 16    Int:  7 (10) God:    Fedhas [**....]
Gold:   716        SH:  6    Dex: 21      Spells: 10/10 levels left

rFire    + . .     SeeInvis .   a - +9 lance "Wyrmbane" {slay drac, rPois rF+ rC+ AC+3}
rCold    + . .     Faith    .   l - +0 buckler
rNeg     . . .     Spirit   .   p - +0 swamp dragon scales
rPois    +         Reflect  .   (no helmet)
rElec    .         Harm     .   (no cloak)
rCorr    .         Rampage  .   (no gloves)
Will     +....     Clarity  +   (no boots) Stlth +.........NoTele +
                                s - amulet of magic regeneration
HPRegen  0.00/turn              D - +6 ring of dexterity
MPRegen  0.33/turn              n - +6 ring of strength

@: mighty, non-regenerating
A: damage resistance, heal wounds, sense surroundings 2, no regeneration,
clarity, deformed body, frail 1, high mp 1, wild magic 1, no potion heal 1
a: Heal Wounds, Renounce Religion, Wall of Briars


You were in a Gauntlet.
You worshipped Fedhas.
Fedhas was pleased with you.
You visited 2 branches of the dungeon, and saw 12 of its levels.
You also visited: Ossuary and Gauntlet.

You collected 716 gold pieces.

Inventory:

Hand Weapons
 a - the +9 lance "Wyrmbane" (weapon) {slay drac, rPois rF+ rC+ AC+3}
   (You took it off Maggie on level 6 of the Dungeon)

   It affects your AC (+3).
   It protects you from fire.
   It protects you from cold.
   It protects you from poison.
Missiles
 y - 9 curare-tipped darts (quivered)
Armour
 c - a +0 kite shield
 l - a +0 buckler (worn)
 p - +0 swamp dragon scales (worn)
Jewellery
 i - a ring of protection from cold
 n - a +6 ring of strength (left hand)
 s - an amulet of magic regeneration (around neck)
 D - a +6 ring of dexterity (right hand)
 F - the ring of the Firefly {+Inv SInv}
   (You found it in a Gauntlet)

   [ring of see invisible]

   It lets you see invisible.
   It lets you turn invisible.
Wands
 A - a wand of iceblast (10)
 B - a wand of polymorph (19)
Scrolls
 b - a scroll of teleportation {unknown}
 d - a scroll of magic mapping {unknown}
 e - 2 scrolls of vulnerability
 h - a scroll of fear {unknown}
 k - a scroll of enchant weapon {unknown}
 q - 4 scrolls of enchant armour {unknown}
 t - 4 scrolls of noise {unknown}
 u - a scroll of acquirement {unknown}
 v - 4 scrolls of immolation {unknown}
 w - a scroll of blinking
 C - 2 scrolls of amnesia
Potions
 f - 2 potions of might
 j - 3 potions of lignification
 m - 2 potions of cancellation
 o - 2 potions of resistance
 r - a potion of heal wounds
 x - 6 potions of curing
 z - 2 potions of flight
Miscellaneous
 E - a condenser vane


   Skills:
 + Level 8.5 Fighting
 - Level 7.4(9.7) Axes
 * Level 8.1(9.1) Polearms
 - Level 8.2 Armour
 - Level 7.4 Dodging
 - Level 4.0 Shields
 - Level 4.1 Invocations


You had 10 spell levels left.
You didn't know any spells.
Your spell library was empty.

Dungeon Overview and Level Annotations

Branches:
Dungeon (11/15)            Temple (1/1) D:6            Lair (0/6) D:8
    Orc (0/2) D:9         Ossuary (visited)         Gauntlet (1/1)

Altars:
Ashenzari
Cheibriados
Dithmenos
Elyvilon
Fedhas
Gozag
Hepliaklqana
Kikubaaqudgha
Makhleb
Nemelex Xobeh
Okawaru
Qazlal
Ru
Sif Muna
Trog
Uskayaw
Vehumet
Wu Jian
Xom
Yredelemnul
Zin
The Shining One

Shops:
D:5 *   D:8 =   D:10 (

Annotations:
Gauntlet 6 transporters


Innate Abilities, Weirdness & Mutations

You are resistant to damage.
You can heal yourself by infusing magical energy.
You passively map the area around you.
You do not regenerate.
You possess an exceptional clarity of mind.
Armour fits poorly on your strangely shaped body.
You are frail. (-10% HP)
You have an increased reservoir of magic. (+10% MP)
Your spells are a little harder to cast, but a little more powerful.
Potions are less effective at restoring your health.


Message History

The minotaur throws a silver javelin.
The silver javelin closely misses you.
Found a bone wand.
Found a gate leading back out of this place.
You reach to attack!
You puncture the minotaur!
The minotaur is lightly wounded.
You reach to attack!
You hit the minotaur but do no damage.
The minotaur is lightly wounded.
You hit the minotaur but do no damage.
The minotaur is lightly wounded.
You block the minotaur's attack. The minotaur completely misses you.
You hit the minotaur but do no damage.
The minotaur is lightly wounded.
You feel very mighty all of a sudden.
The minotaur hits you with the +8 great mace "Naigeann" {flame, *Drain Str+4 Dex+5}!!
The minotaur burns you. The minotaur completely misses you.
You hit the minotaur.
The minotaur is lightly wounded.
The minotaur barely misses you. You block the minotaur's attack.
You puncture the minotaur!
The minotaur is moderately wounded.
The minotaur drinks a potion.
The minotaur seems to grow stronger.
You puncture the minotaur!
The minotaur is moderately wounded.
You puncture the minotaur!
The minotaur is heavily wounded.
The minotaur hits you with the +8 great mace "Naigeann" {flame, *Drain Str+4 Dex+5}!
The minotaur gores you!!
* * * LOW HITPOINT WARNING * * *
You puncture the minotaur!
The minotaur is heavily wounded.
The minotaur completely misses you. The minotaur gores you.
* * * LOW HITPOINT WARNING * * *
You feel much better.
The minotaur hits you with the +8 great mace "Naigeann" {flame, *Drain Str+4 Dex+5}.
The minotaur burns you. The minotaur gores you!!
You feel much better.
The minotaur hits you with the +8 great mace "Naigeann" {flame, *Drain Str+4 Dex+5}!!!
Ouch! That really hurt!
You die...
Fedhas appreciates your contribution to the ecosystem.

* ## *, *#. * # ##
.., #. , #∩ .# *.#
#.##.# #, . , #.#..
#. #. *#.#.#
#.##.###'#@##.###
#........H......#
###.##.##.##.##.#
###.##.##.##.# ,*
#.............
##.##.##.##.##.#*
###.##.##.##.##.###
#≈...............≈#
###
#8.8.8..©.©..8.8.8#
###


You could see a minotaur (strong).

Vanquished Creatures
  A two-headed ogre (D:10)
  Maggie (D:6)
  4 kobold demonologists (D:10)
  A troll (D:10)
  A hornet (D:9)
  Prince Ribbit (D:8)
  A vampire (D:9)
  A large abomination (Gauntlet)
  5 small abominations (Gauntlet)
  7 yaks (D:10)
  A wyvern (D:8)
  Menkaure (D:4)
  A steam dragon (D:8)
  Edmund (D:4)
  An acid dragon (D:10)
  6 water moccasins
  A sky beast (D:6)
  2 ice beasts
  An orc warrior (D:10)
  A black bear (D:6)
  2 necrophages
  5 centaurs
  3 phantoms
  2 kobold brigands
  2 elf zombies
  A gnoll sergeant (D:5)
  A bullfrog (D:7)
  An elf skeleton (D:5)
  A water moccasin zombie (D:5)
  A scorpion (D:4)
  A water moccasin skeleton (D:4)
  A vampire bat (D:4)
  11 wights
  A howler monkey (D:9)
  2 electric eels (D:10)
  A centaur zombie (D:8)
  2 gnoll shamans (D:9)
  2 hounds (D:5)
  3 human zombies
  3 orc priests
  An iguana (D:7)
  A centaur skeleton (D:5)
  3 orc wizards
  3 hound zombies
  4 mummies (Ossuary)
  A howler monkey zombie (D:6)
  2 howler monkey skeletons
  7 adders
  18 gnolls
  3 white imps
  A worm (D:2)
  A dart slug (D:1)
  3 fire bats (D:4)
  11 orcs
  2 spectral bats (D:4)
  4 ball pythons
  14 bats
  3 bat skeletons (D:4)
  A bat zombie (D:4)
  5 endoplasms
  10 goblins
  10 hobgoblins
  7 jackals
  4 quokkas
  A bat simulacrum (D:4)
  5 frilled lizards
  A hobgoblin zombie (Ossuary)
  2 jackal zombies (Ossuary)
  19 kobolds
  A kobold zombie (Ossuary)
  5 orc skeletons (D:5)
  2 orc zombies (Ossuary)
  6 rats
  A rat zombie (Ossuary)
247 creatures vanquished.

Vanquished Creatures (others)
  A fungus (D:10)
  2 plants (Gauntlet)
3 creatures vanquished.

Grand Total: 250 creatures vanquished

Notes
Turn   | Place    | Note
-------+----------+-------------------------------------------
     0 | D:1      | Lanoc the Deep Dwarf Fighter began the quest for the Orb.
     0 | D:1      | Reached XP level 1. HP: 20/20 MP: 1/1
   166 | D:1      | Reached XP level 2. HP: 27/27 MP: 2/2
   268 | D:1      | Reached skill level 1 in Dodging
   268 | D:1      | Reached XP level 3. HP: 30/33 MP: 3/3
   708 | D:2      | Reached XP level 4. HP: 21/42 MP: 4/4
  1491 | D:3      | Found a broken altar of Ashenzari.
  1693 | D:3      | Found a shimmering blue altar of Sif Muna.
  1827 | D:4      | Reached XP level 5. HP: 29/49 MP: 4/4
  1829 | D:4      | Noticed a phantom
  1837 | D:4      | Killed a phantom
  1900 | D:4      | Reached XP level 6. HP: 28/56 MP: 5/5
  1902 | D:4      | Noticed Menkaure
  1911 | D:4      | Killed Menkaure
  1912 | D:4      | Reached skill level 5 in Axes
  1959 | D:4      | Noticed Edmund
  1980 | D:4      | Killed Edmund
  1981 | D:4      | Reached XP level 7. HP: 37/63 MP: 6/6
  2351 | D:4      | Reached skill level 5 in Armour
  2409 | D:5      | Entered Level 5 of the Dungeon
  2470 | D:5      | Gained mutation: Armour fits poorly on your strangely
                  | shaped body. [potion of mutation]
  2470 | D:5      | Gained mutation: Your body sometimes deteriorates upon
                  | taking damage. [potion of mutation]
  2470 | D:5      | Gained mutation: You expend magic power (3 MP) to
                  | strengthen your wands. [potion of mutation]
  2499 | D:5      | Reached XP level 8. HP: 29/73 MP: 6/6
  2858 | D:5      | Identified the +10 whip "Zaowefi" {distort, rElec rPois
                  | Int+5}
  2867 | D:5      | Reached skill level 5 in Fighting
  2871 | D:5      | Reached skill level 5 in Dodging
  2903 | D:5      | Found a sand-covered staircase.
  2908 | Ossuary  | Entered an ossuary
  3179 | D:5      | Found an iron altar of Okawaru.
  3206 | D:5      | Found Netebras's Serpentskin Sales.
  3217 | D:5      | Gained mutation: You passively map the area around you.
                  | [Deep Dwarf growth]
  3217 | D:5      | Reached XP level 9. HP: 42/82 MP: 6/6
  3417 | D:6      | Found a staircase to the Ecumenical Temple.
  3424 | D:6      | Noticed Maggie
  3441 | D:6      | Lost mutation: You expend magic power (3 MP) to strengthen
                  | your wands. [potion of mutation]
  3441 | D:6      | Lost mutation: Your body sometimes deteriorates upon taking
                  | damage. [potion of mutation]
  3441 | D:6      | Gained mutation: You are frail. (-10% HP) [potion of
                  | mutation]
  3441 | D:6      | Gained mutation: Your mind is acute. (Int +2) [potion of
                  | mutation]
  3441 | D:6      | Gained mutation: You have an increased reservoir of magic.
                  | (+10% MP) [potion of mutation]
  3445 | D:6      | Killed Maggie
  3484 | Temple   | Entered the Ecumenical Temple
  3515 | Temple   | Gained mutation: You are clumsy. (Dex -2) [mutagenic glow]
  3545 | Temple   | Gained mutation: You occasionally shout uncontrollably at
                  | your foes. [mutagenic glow]
  3692 | Temple   | Became a worshipper of Fedhas Madash
  3865 | D:6      | Found a radiant altar of Vehumet.
  3894 | D:6      | Reached skill level 1 in Polearms
  3894 | D:6      | Reached skill level 1 in Invocations
  4286 | D:7      | Found a glowing silver altar of Zin.
  4351 | D:7      | Lost mutation: You occasionally shout uncontrollably at
                  | your foes. [potion of mutation]
  4351 | D:7      | Lost mutation: Your mind is acute. (Int +2) [potion of
                  | mutation]
  4351 | D:7      | Lost mutation: You are clumsy. (Dex -2) [potion of
                  | mutation]
  4351 | D:7      | Gained mutation: Your spells are a little harder to cast,
                  | but a little more powerful. [potion of mutation]
  4351 | D:7      | Gained mutation: Potions are less effective at restoring
                  | your health. [potion of mutation]
  4351 | D:7      | Gained mutation: You possess an exceptional clarity of
                  | mind. [potion of mutation]
  4822 | D:8      | Found a staircase to the Lair.
  4845 | D:8      | Found a sacrificial altar of Ru.
  4923 | D:8      | Found Ceahoru's Jewellery Emporium.
  5052 | D:8      | Noticed Prince Ribbit
  5060 | D:8      | Killed Prince Ribbit
  5060 | D:8      | Reached * piety under Fedhas
  5104 | D:8      | Reached XP level 10. HP: 42/82 MP: 6/6
  5655 | D:9      | Found a staircase to the Orcish Mines.
  5993 | D:10     | Entered Level 10 of the Dungeon
  6082 | D:10     | Reached ** piety under Fedhas
  6083 | D:10     | Reached skill level 5 in Polearms
  6308 | D:10     | Noticed a smoke demon
  6312 | D:10     | Noticed an orange demon
  6312 | D:10     | Noticed a smoke demon
  6319 | D:10     | Noticed a smoke demon
  6346 | D:10     | Reached XP level 11. HP: 45/92 MP: 5/5
  6446 | D:10     | Found Fulun's Antique Weapon Shop.
  6448 | D:10     | Noticed a two-headed ogre
  6458 | D:10     | Killed a two-headed ogre
  6588 | D:11     | Found a gate leading to a gauntlet.
  6600 | Gauntlet | Entered a Gauntlet
  6600 | Gauntlet | Found a transporter.
  6600 | Gauntlet | Found a transporter.
  6600 | Gauntlet | Found a transporter.
  6620 | Gauntlet | Found a transporter.
  6630 | Gauntlet | Found a transporter.
  6634 | Gauntlet | Found a transporter.
  6636 | Gauntlet | Noticed a dire elephant
  6636 | Gauntlet | Noticed a glowing orange brain
  6643 | Gauntlet | Noticed a glowing orange brain
  6646 | Gauntlet | Found a transporter.
  6655 | Gauntlet | Noticed a purple ugly thing
  6665 | Gauntlet | Found a transporter.
  6682 | Gauntlet | Found a transporter.
  6695 | Gauntlet | Noticed a cacodemon
  6698 | Gauntlet | Found a transporter.
  6700 | Gauntlet | Found a transporter.
  6744 | Gauntlet | Found a transporter.
  6865 | Gauntlet | Identified the ring of the Firefly {+Inv SInv}
  6908 | Gauntlet | Identified the +8 great mace "Naigeann" {flame, *Drain
                  | Str+4 Dex+5}
  6908 | Gauntlet | Noticed a minotaur
  6921 | Gauntlet | Slain by a minotaur

Illustrated notes

Levels and vault maps discovered:
D:1:      minmay_arrival_stair_chambers, layout_basic
D:2:      kennysheep_the_goblin_king, layout_basic
D:3:      layout_loops_ring, lemuel_crystal_altar, lemuel_blue_sif_altar,
          lemuel_old_faithful
D:4:      layout_rooms, goddamned_bats, uniq_edmund, uniq_menkaure
D:5:      layout_basic, kennysheep_mini, nicolae_ossuary_entry_catacombs,
          guppyfry_shop_venom
D:6:      layout_cave_pools, vehumet_crystals, minmay_temple_entry_water_ring,
          uniq_maggie
D:7:      layout_gridville, old_standard_altar
D:8:      layout_cave_pools, nicolae_ru_sacrificial_ziggurat, lair_entry_dummy,
          serial_shops, shop, uniq_prince_ribbit1
D:9:      layout_loops_cross, orc_0_dummy
D:10:     layout_rooms, serial_shops, shop_fountains, st_stairs_10,
          fungi_pond_lemuel
D:11:     layout_cross, gauntlet_entry_generic, hangedman_decor_push,
          minmay_misc_feat_pillars, minmay_door_square
Temple:   regret_index_temple_sphere_string
Gauntlet: gammafunk_gauntlet_hard_choice [gammafunk_gauntlet_arena_chambers,
          gammafunk_gauntlet_arena_crates, gammafunk_gauntlet_arena_spirals,
          gammafunk_gauntlet_arena_mazey, gammafunk_gauntlet_arena_grid,
          nicolae_gauntlet_swirl, gauntlet_exit_green]

Skill      XL: |  1  2  3  4  5  6  7  8  9 10 11 |
---------------+----------------------------------+-----
Dodging        | 1 2 3 4 5 7 |  7.4
Axes           | 3 4 5 6 7 |  7.4
Fighting       | 3 4 5 6 8 |  8.5
Armour         | 4 5 6 8 |  8.2
Shields        | 4 |  4.0
Polearms       | 3 7 8 |  8.1
Invocations    | 3 4 |  4.1

Action                   |  1- 3 |  4- 6 |  7- 9 | 10-12 || total
-------------------------+-------+-------+-------+-------++-------
Melee: War axe           |    93 |   154 |   137 |       ||   384
       Whip              |       |       |    82 |       ||    82
       Lance             |       |       |   117 |   256 ||   373
 Abil: Heal Wounds       |       |     4 |    19 |    17 ||    40
Evoke: Wand              |       |       |    10 |       ||    10
  Use: Potion            |       |     3 |    10 |     2 ||    15
       Scroll            |       |       |     1 |     5 ||     6
Armor: Scale mail        |    34 |    67 |    93 |       ||   194
       Swamp dragon scal |       |       |    22 |    33 ||    55
       Skin              |       |       |     2 |       ||     2
Dodge: Dodged            |    30 |    63 |   189 |    91 ||   373
Block: Kite shield       |    52 |   115 |   140 |       ||   307
       Buckler           |       |       |    41 |    50 ||    91

Table legend: (Time is in decaauts)
 A = Elapsed time spent in this place.
 B = Non-inter-level travel time spent in this place.
 C = Inter-level travel time spent in this place.
 D = Time resting spent in this place.
 E = Time spent auto-exploring this place.
 F = Levels seen in this place.
 G = Mean time per level.
                   A        B        C        D        E       F      G
               +--------+--------+--------+--------+--------+-----+--------+
         Total |   7031 |   6615 |    416 |     25 |   4543 |  14 |  502.2 |
       Dungeon |   6313 |   5952 |    361 |     25 |   4140 |  11 |  573.9 |
        Temple |    235 |    180 |     55 |      0 |    157 |   1 |  235.0 |
       Ossuary |    177 |    177 |      0 |      0 |     94 |   1 |  177.0 |
      Gauntlet |    304 |    304 |      0 |      0 |    152 |   1 |  304.0 |
               +--------+--------+--------+--------+--------+-----+--------+

Top non-repeatable levels by time:
     D:5: 822 daAuts
     D:9: 713 daAuts
     D:2: 710 daAuts
     D:3: 666 daAuts
     D:4: 659 daAuts
     D:7: 657 daAuts
    D:10: 545 daAuts
     D:1: 533 daAuts
     D:8: 501 daAuts
     D:6: 491 daAuts
Gauntlet: 304 daAuts
  Temple: 235 daAuts
 Ossuary: 177 daAuts
    D:11: 11 daAuts
